[Event "Titled Tuesday Blitz April 25 Late 2023"]
[White "Oro, Faustino"]
[Black "Erzhanov, Arman"]
[WhiteFideId "20000197"]
[BlackFideId "4138821"]
[WhiteElo "1984"]
[BlackElo "2138"]
[Result "1-0"]
[Round "10"]
[TimeControl "180+2"]
[Date "2023.04.25"]
[WhiteClock "0:00:06"]
[BlackClock "0:00:02"]

1. Nf3 d6 2. d4 g6 3. e4 Bg7 4. Nc3 Nd7 5. Be3 e5 6. Qd2 c6 7. O-O-O Qa5 8. Kb1 Ngf6 9. h3 O-O 10. Bc4 b5 11. Bd3 b4 12. Ne2 exd4 13. Nexd4 c5 14. Nb3 Qc7 15. Qe2 Bb7 16. Nbd2 Rfe8 17. Rhe1 Nxe4 18. Nxe4 Bxe4 19. Bxe4 Rxe4 20. Qd3 Re6 21. Ng5 Re7 22. Qxd6 Qxd6 23. Rxd6 Bd4 24. Bd2 Rxe1+ 25. Bxe1 Re8 26. Nf3 Nb6 27. b3 Bg7 28. Kc1 Bf8 29. Rc6 Nd5 30. Bd2 Kg7 31. Ne1 Re2 32. Nd3 Nf6 33. Kd1 Re8 34. f3 Rd8 35. Bg5 Be7 36. Ke1 Rd7 37. Nxc5 Bxc5 38. Bxf6+ Kh6 39. Rxc5 Rd6 40. Bg5+ Kg7 41. Be3 Re6 42. Kf2 f5 43. Ke2 f4 44. Rc7+ Kf6 45. Rxa7 Rxe3+ 46. Kd2 h5 47. Ra4 Re1 48. Kxe1 1-0


[Site "https://www.chess.com"]

[Event "Titled Tuesday Blitz April 25 Late 2023"]
[White "Prohaszka, Peter"]
[Black "Pesotskiy, Mikhail"]
[WhiteFideId "726265"]
[BlackFideId "34164453"]
[WhiteElo "2626"]
[BlackElo "2131"]
[Result "0-1"]
[Round "10"]
[TimeControl "180+2"]
[Date "2023.04.25"]
[WhiteClock "0:00:01"]
[BlackClock "0:00:03"]

1. d4 Nf6 2. c4 e6 3. Bf4 Bb4+ 4. Nd2 O-O 5. a3 Bxd2+ 6. Qxd2 d5 7. Rc1 c6 8. Nf3 dxc4 9. Rxc4 b6 10. Bxb8 Rxb8 11. Rxc6 Bb7 12. Rc1 Qd5 13. e3 Ne4 14. Qd1 Qa5+ 15. Nd2 Rbc8 16. Ra1 Rc7 17. Bd3 Qxd2+ 18. Qxd2 Nxd2 19. Kxd2 Bxg2 20. Rhc1 Rfc8 21. Rxc7 Rxc7 22. e4 f6 23. Rg1 Bf3 24. Ke3 Bh5 25. a4 Bf7 26. a5 bxa5 27. Ra1 Rb7 28. Rxa5 Rxb2 29. Rxa7 Rb8 30. Bc4 Kf8 31. Rc7 Rd8 32. f4 h6 33. f5 Re8 34. h4 Re7 35. Rc8+ Re8 36. Rxe8+ Kxe8 37. Bxe6 Bh5 38. Kf4 g5+ 39. fxg6 Bxg6 40. Bf5 Bf7 41. Ke3 Ke7 42. Kd3 Kd6 43. Kc3 Be8 44. Kd2 Bc6 45. Ke3 Be8 46. Bg4 Bf7 47. Be2 Be6 48. Bh5 Bd7 49. Kf4 Be6 50. Be8 Ke7 51. Bg6 Kd6 52. Bf5 Bf7 53. Bh3 Be8 54. Bg4 Bg6 55. Bf3 Ke7 56. Kg4 Kd6 57. Kg3 Be8 58. Kf4 Bf7 59. Kf5 Ke7 60. d5 Be8 61. Be2 Bf7 62. Bd1 Be8 63. Bf3 Bf7 64. Be2 Be8 65. Bb5 Bxb5 66. d6+ Kxd6 67. Kxf6 h5 68. e5+ Kd5 69. e6 Ke4 70. e7 Kf4 71. Kg6 Kg4 72. Kf7 Kxh4 73. Ke6 Kg4 0-1


[Site "https://www.chess.com"]

[Event "Titled Tuesday Blitz April 25 Late 2023"]
[White "Aldokhin, Ivan"]
[Black "Tsyhanchuk, Stanislav"]
[WhiteFideId "24115720"]
[BlackFideId "13505130"]
[WhiteElo "2322"]
[BlackElo "2173"]
[Result "1-0"]
[Round "10"]
[TimeControl "180+2"]
[Date "2023.04.25"]
[WhiteClock "0:01:25"]
[BlackClock "0:00:06"]

1. e4 c5 2. Nf3 d6 3. d4 cxd4 4. Nxd4 Nf6 5. Nc3 a6 6. Bc4 e6 7. Bb3 Nbd7 8. Qf3 Nc5 9. O-O Be7 10. Re1 O-O 11. Qg3 Kh8 12. Bg5 b5 13. Nc6 Qc7 14. Nxe7 Qxe7 15. Rad1 b4 16. Na4 Nxb3 17. axb3 Bb7 18. Rxd6 Rad8 19. Rxd8 Rxd8 20. e5 Qd7 21. exf6 g6 22. h4 Qd5 23. Kh2 Qf5 24. f3 Rc8 25. Qd6 Qxc2 26. Rd1 h5 27. Rd2 Qf5 28. Nb6 Rg8 29. Nc4 Bd5 30. Ne5 Kh7 31. Nxf7 Rc8 32. Ne5 Rc1 33. Qe7+ Kh8 34. Qg7# 1-0


[Site "https://www.chess.com"]

[Event "Titled Tuesday Blitz April 25 Late 2023"]
[White "Harriott, Tyrell"]
[Black "Kavutskiy, Konstantin"]
[WhiteFideId "2086484"]
[BlackFideId "2026384"]
[WhiteElo "2107"]
[BlackElo "2323"]
[Result "1/2-1/2"]
[Round "10"]
[TimeControl "180+2"]
[Date "2023.04.25"]
[WhiteClock "0:00:12"]
[BlackClock "0:00:05"]

1. d4 Nf6 2. e3 g6 3. Bd3 Bg7 4. f4 O-O 5. f5 c5 6. c3 d6 7. fxg6 hxg6 8. Nf3 Nc6 9. O-O cxd4 10. exd4 Qa5 11. Ng5 Nh7 12. Nxh7 Kxh7 13. Nd2 Bd7 14. Ne4 Kg8 15. Ng5 Bf6 16. Ne4 Bg7 17. Qe1 Qh5 18. Be2 Bg4 19. Ng3 Qh4 20. Bd3 Bh6 21. Bxh6 Qxh6 22. Be4 Rad8 23. Bxc6 bxc6 24. Qxe7 Rd7 25. Qf6 Re8 26. Rf2 Re6 27. Qf4 Qxf4 28. Rxf4 Be2 29. Re1 Bc4 30. Ne4 Kg7 31. b3 Bd5 32. c4 Bxe4 33. Rfxe4 Rxe4 34. Rxe4 d5 35. Rf4 dxc4 36. bxc4 Rb7 37. h3 Rb1+ 38. Kh2 Rb2 39. d5 cxd5 40. cxd5 Rxa2 41. Rd4 Kf8 42. d6 Ke8 43. h4 a5 44. Kh3 a4 45. g4 a3 46. Ra4 Kd7 47. Ra6 Ra1 48. Kg2 f5 49. h5 gxh5 50. gxh5 a2 51. h6 f4 52. h7 f3+ 53. Kxf3 Rh1 54. Rxa2 Kxd6 55. Ra6+ Ke5 56. Ra7 Kf6 57. Kg4 Kg6 58. Ra6+ Kxh7 59. Ra7+ Kg6 60. Kf3 Rf1+ 61. Kg2 Rf7 62. Rxf7 Kxf7 1/2-1/2


[Site "https://www.chess.com"]

[Event "Titled Tuesday Blitz April 25 Late 2023"]
[White "Ladan, Nicholas"]
[Black "Svane, Frederik"]
[WhiteFideId "30918855"]
[BlackFideId "12923044"]
[WhiteElo "2167"]
[BlackElo "2502"]
[Result "0-1"]
[Round "10"]
[TimeControl "180+2"]
[Date "2023.04.25"]
[WhiteClock "0:00:04"]
[BlackClock "0:01:40"]

1. d4 a6 2. e4 d6 3. Nc3 g6 4. g3 Bg7 5. Bg2 Nc6 6. Nge2 e5 7. Be3 Nh6 8. h3 f5 9. Qd2 Nf7 10. exf5 Bxf5 11. g4 Bd7 12. O-O-O O-O 13. f4 exf4 14. Nxf4 Rb8 15. Nfd5 Ne7 16. Nxe7+ Qxe7 17. Nd5 Qd8 18. Rdf1 c6 19. Nc3 d5 20. g5 Rc8 21. h4 Bg4 22. Rf4 Bh5 23. Rhf1 Nd6 24. Rxf8+ Bxf8 25. Bh3 Nf5 26. Bxf5 gxf5 27. Rxf5 Bg6 28. Rf1 Bg7 29. Bf4 c5 30. Be5 cxd4 31. Qxd4 Rc4 32. Bxg7 Rxd4 33. Bxd4 Qd7 34. Bc5 d4 35. Rf8+ Kg7 36. Ne2 d3 37. Nd4 b6 38. Ba3 Qxd4 39. Rf6 dxc2 40. Bf8+ Kg8 41. Bh6 Qe3# 0-1


[Site "https://www.chess.com"]

[Event "Titled Tuesday Blitz April 25 Late 2023"]
[White "Kuzmin, Roman"]
[Black "Bitoon, Richard"]
[WhiteFideId "44134932"]
[BlackFideId "5201110"]
[WhiteElo "2192"]
[BlackElo "2374"]
[Result "1/2-1/2"]
[Round "10"]
[TimeControl "180+2"]
[Date "2023.04.25"]
[WhiteClock "0:00:05"]
[BlackClock "0:00:07"]

1. e4 e5 2. Nf3 Nc6 3. Bb5 a6 4. Ba4 Nf6 5. O-O b5 6. Bb3 Bb7 7. Re1 Bc5 8. c3 d6 9. d4 Bb6 10. Be3 O-O 11. Nbd2 Re8 12. dxe5 Nxe5 13. Bxb6 cxb6 14. Qc2 Nxf3+ 15. gxf3 Nh5 16. Nf1 Nf4 17. Ng3 Qh4 18. Kh1 d5 19. Re3 Re5 20. Rg1 Rae8 21. Nf5 Rxf5 22. exf5 Rd8 23. Rg4 Qh3 24. Qd1 Nh5 25. Re7 Bc6 26. Kg1 Nf6 27. Rg3 Qxf5 28. Qd4 Kf8 29. Re5 Qb1+ 30. Kg2 Rb8 31. Reg5 h6 32. Rxg7 Qf5 33. Bc2 Qe6 34. Qh4 h5 35. Qg5 Rd8 36. Bf5 Qe5 37. Rg8+ Ke7 38. Rxd8 Kxd8 39. Bd3 Qe6 40. Qf5 Ke7 41. Rg5 d4 42. Qxe6+ Kxe6 43. cxd4 Nd5 44. Re5+ Kd6 45. Be4 f6 46. Rxh5 Nf4+ 47. Kg3 Nxh5+ 48. Kh4 Nf4 49. Kg4 Ne6 50. Kf5 Nxd4+ 51. Kxf6 Nxf3 52. Bxc6 Kxc6 53. h3 b4 54. Kf5 Kd6 55. Kg4 Ne5+ 56. Kg5 Ke6 57. f4 Nf3+ 58. Kg6 Nh4+ 59. Kg5 Nf5 60. h4 Nd4 61. h5 Kf7 62. h6 Ne6+ 63. Kf5 Nd4+ 64. Ke5 Ne2 65. f5 Ng3 66. f6 Nh5 67. h7 Nf4 68. Kd6 Ng6 69. Kc6 b3 70. axb3 Kxf6 71. Kxb6 Kg7 72. Kxa6 Kxh7 73. b4 Kg7 74. b5 Ne5 75. b6 Kf6 76. b7 Nd7 77. b4 Ke6 78. b5 Kd6 79. Ka7 Kc5 80. b6 Kc6 81. b8=Q Nxb8 82. Kxb8 Kxb6 1/2-1/2


[Site "https://www.chess.com"]

[Event "Titled Tuesday Blitz April 25 Late 2023"]
[White "Novikov, Evgenij"]
[Black "Lewicki, Miroslaw"]
[WhiteFideId "4125380"]
[BlackFideId "1113380"]
[WhiteElo "2242"]
[BlackElo "2212"]
[Result "1-0"]
[Round "10"]
[TimeControl "180+2"]
[Date "2023.04.25"]
[WhiteClock "0:00:39"]
[BlackClock "0:00:45"]

1. e4 c5 2. Nf3 d6 3. d4 cxd4 4. Nxd4 Nf6 5. f3 a6 6. c4 Qc7 7. Nc3 e6 8. Bd3 Nbd7 9. Be3 b6 10. O-O Bb7 11. Rc1 Be7 12. Kh1 O-O 13. b4 Ne5 14. Be2 Nxc4 15. Bxc4 Qxc4 16. Nd5 exd5 17. Rxc4 dxc4 18. Nf5 Rfe8 19. Nxe7+ Rxe7 20. Qxd6 Rd7 21. Qxb6 c3 22. h4 h5 23. Rc1 Rc8 24. Bc5 Rd2 25. Rxc3 Rd1+ 26. Kh2 Ba8 27. Bd4 Rxc3 28. Bxc3 Bxe4 29. Bxf6 Bf5 30. Qb8+ 1-0


[Site "https://www.chess.com"]

[Event "Titled Tuesday Blitz April 25 Late 2023"]
[White "Jimenez Almeida, Luis David"]
[Black "Averjanov, Alexey"]
[WhiteFideId "22242244"]
[BlackFideId "14109867"]
[WhiteElo "2245"]
[BlackElo "2399"]
[Result "0-1"]
[Round "10"]
[TimeControl "180+2"]
[Date "2023.04.25"]
[WhiteClock "0:01:01"]
[BlackClock "0:02:03"]

1. e4 c6 2. Nc3 d5 3. Qf3 dxe4 4. Nxe4 Nd7 5. d4 Ngf6 6. Bc4 e6 7. c3 Nxe4 8. Qxe4 Nf6 9. Qe2 Be7 10. Nf3 b6 11. O-O O-O 12. Bf4 Bb7 13. Rad1 Qc8 14. Rfe1 c5 15. d5 exd5 16. Qxe7 dxc4 17. Ne5 Qf5 18. Bg3 Be4 19. Nxc4 Rfe8 20. Qc7 Nd5 21. Qc6 Nxc3 22. Nd6 Bxc6 23. Nxf5 Nxd1 0-1


[Site "https://www.chess.com"]

[Event "Titled Tuesday Blitz April 25 Late 2023"]
[White "Karamsetty, Jeevan"]
[Black "Adla, Diego"]
[WhiteFideId "2025337"]
[BlackFideId "100072"]
[WhiteElo "2111"]
[BlackElo "2377"]
[Result "0-1"]
[Round "10"]
[TimeControl "180+2"]
[Date "2023.04.25"]
[WhiteClock "0:00:09"]
[BlackClock "0:00:33"]

1. e4 e5 2. Nf3 Nc6 3. d4 exd4 4. Bc4 Nf6 5. O-O Nxe4 6. Re1 d5 7. Bxd5 Qxd5 8. Nc3 Qh5 9. Nxe4 Be6 10. Bg5 Bd6 11. Nxd6+ cxd6 12. Bf4 Qd5 13. c3 Qf5 14. cxd4 Qxf4 15. d5 O-O 16. dxe6 fxe6 17. Rxe6 Ne5 18. Nxe5 Qxf2+ 19. Kh1 dxe5 20. Rxe5 Qxb2 21. Qd5+ Kh8 22. Rae1 h6 23. h3 Rad8 24. Qe4 b6 25. a4 Qf2 26. Re7 Rf7 27. Re6 Rdf8 28. Rg1 Qc5 29. Re5 Qa3 30. Qc2 Qg3 31. Ree1 Rf2 32. Qc6 Qh4 33. Re8 Qf6 34. Qc8 Rxe8 35. Qxe8+ Kh7 36. Qe4+ Qg6 37. Qc4 Rc2 38. Qb3 Qe4 39. Qb1 Rc4 40. Qxe4+ Rxe4 41. Ra1 a5 42. Rb1 Rb4 43. Ra1 Kg6 44. Kh2 Kf5 45. Kg3 Ke4 46. Kg4 Kd3+ 47. Kh5 Kc2 48. Kg6 Kb2 49. Re1 Rxa4 50. Kxg7 h5 51. Re5 h4 52. Kg6 Rb4 53. Kg5 a4 54. Re2+ Kb3 55. Re3+ Kc2 56. g3 hxg3 57. Rxg3 b5 58. h4 Rb3 59. Rg2+ Kd1 60. h5 Rh3 61. h6 a3 62. Kg6 b4 63. Rg4 b3 64. Ra4 a2 65. Ra3 Kc2 66. h7 Kb2 67. Ra7 a1=Q 68. Rxa1 Kxa1 69. Kg7 b2 70. Kg8 Rxh7 71. Kxh7 b1=Q+ 72. Kh8 Qb7 73. Kg8 Kb2 0-1


[Site "https://www.chess.com"]

[Event "Titled Tuesday Blitz April 25 Late 2023"]
[White "Spata, German"]
[Black "Jaskolka, Tomasz"]
[WhiteFideId "113026"]
[BlackFideId "1170791"]
[WhiteElo "2238"]
[BlackElo "2155"]
[Result "0-1"]
[Round "10"]
[TimeControl "180+2"]
[Date "2023.04.25"]
[WhiteClock "0:01:05"]
[BlackClock "0:01:08"]

1. Nf3 d5 2. g3 Nd7 3. Bg2 e5 4. d3 Ngf6 5. O-O c6 6. c4 Bd6 7. Bg5 O-O 8. cxd5 cxd5 9. Nc3 d4 10. Nd5 h6 11. Nxf6+ Nxf6 12. Bxf6 Qxf6 13. Nd2 Be6 14. Bxb7 Rab8 15. Bg2 Rxb2 16. Ne4 Qe7 17. Rb1 Rfb8 18. Rxb2 Rxb2 19. a4 f5 20. Nxd6 Qxd6 21. Bf3 Bd5 22. Qc1 Rb8 23. Bxd5+ Qxd5 24. Qc7 Rf8 25. Qxa7 e4 26. dxe4 fxe4 27. Rd1 e3 28. fxe3 Qf5 29. Qxd4 Qf2+ 30. Kh1 Qxe2 31. Qd5+ Kh8 32. Qd2 Rf1+ 0-1


[Site "https://www.chess.com"]

[Event "Titled Tuesday Blitz April 25 Late 2023"]
[White "Karas, Marek"]
[Black "Banzea, Alexandru-Bogdan"]
[WhiteFideId "14928558"]
[BlackFideId "1232622"]
[WhiteElo "2233"]
[BlackElo "2294"]
[Result "1/2-1/2"]
[Round "10"]
[TimeControl "180+2"]
[Date "2023.04.25"]
[WhiteClock "0:01:57"]
[BlackClock "0:01:17"]

1. Nc3 d5 2. e4 c6 3. d4 dxe4 4. Nxe4 Nf6 5. Nxf6+ exf6 6. c3 Bd6 7. Bd3 O-O 8. Qc2 Re8+ 9. Ne2 h6 10. O-O Nd7 11. Re1 Nf8 12. Be3 Bd7 13. Ng3 Qc7 14. Bf5 Bxf5 15. Qxf5 Re6 16. Bd2 Rae8 17. Rxe6 Rxe6 18. Re1 Rxe1+ 19. Bxe1 Bxg3 20. hxg3 Qe7 21. Kf1 b5 22. Qf3 Qe6 23. b3 Nd7 24. Qe2 Nb6 25. Qxe6 fxe6 26. Ke2 a5 27. Kd3 a4 28. c4 axb3 29. axb3 bxc4+ 30. bxc4 Kf7 31. Ba5 Nd7 32. Bd2 1/2-1/2


[Site "https://www.chess.com"]

[Event "Titled Tuesday Blitz April 25 Late 2023"]
[White "Meunier-Pion, Jean"]
[Black "Bruedigam, Martin"]
[WhiteFideId "20685327"]
[BlackFideId "24608033"]
[WhiteElo "2124"]
[BlackElo "2331"]
[Result "1/2-1/2"]
[Round "10"]
[TimeControl "180+2"]
[Date "2023.04.25"]
[WhiteClock "0:00:06"]
[BlackClock "0:00:18"]

1. e4 c6 2. d4 d5 3. Nc3 dxe4 4. Nxe4 Bf5 5. Ng3 Bg6 6. Nf3 Nd7 7. h4 h6 8. h5 Bh7 9. Bd3 Bxd3 10. Qxd3 e6 11. Bd2 Ngf6 12. O-O-O Be7 13. Ne2 Qb6 14. Ne5 O-O 15. g4 Qb5 16. Nxd7 Nxd7 17. Qxb5 cxb5 18. f4 Nb6 19. b3 Nd5 20. g5 Rac8 21. Rdg1 Kh7 22. g6+ Kh8 23. Kb2 f5 24. c3 Rfd8 25. a3 Kg8 26. Nc1 Nf6 27. Re1 Ne4 28. Rxe4 fxe4 29. Re1 Rd5 30. Rxe4 Rc6 31. Nd3 Rxh5 32. Ne5 Ra6 33. b4 Rh2 34. Kc2 Rxa3 35. Nf3 Rf2 36. Rxe6 Rxf3 37. Rxe7 Kf8 38. Rf7+ Ke8 39. Rxg7 Ra2+ 40. Kb3 Rxd2 41. Rxb7 Rxf4 42. g7 Rg4 43. Rxa7 Rdg2 44. Rb7 Rxg7 45. Rxb5 Rh7 46. c4 h5 47. c5 h4 48. c6 Rgg7 49. Rb8+ Kf7 50. c7 Rg3+ 51. Kb2 Rg2+ 52. Kb3 Rg3+ 53. Kb2 Rg2+ 54. Kb3 Rg3+ 1/2-1/2


[Site "https://www.chess.com"]

[Event "Titled Tuesday Blitz April 25 Late 2023"]
[White "Rosen, Eric"]
[Black "Kepeshchuk, Mykhaylo"]
[WhiteFideId "2032562"]
[BlackFideId "14113139"]
[WhiteElo "2331"]
[BlackElo "2279"]
[Result "1-0"]
[Round "10"]
[TimeControl "180+2"]
[Date "2023.04.25"]
[WhiteClock "0:00:02"]
[BlackClock "0:00:02"]

1. e4 c5 2. Nf3 d6 3. Nc3 Nf6 4. e5 dxe5 5. Nxe5 a6 6. g3 Nfd7 7. Nc4 b5 8. Bg2 Ra7 9. Ne3 e6 10. d4 cxd4 11. Qxd4 Qb6 12. Qxb6 Nxb6 13. a4 b4 14. a5 N6d7 15. Ne4 Bb7 16. Nc4 Bxe4 17. Bxe4 Rc7 18. b3 Bc5 19. Bf4 e5 20. Bd2 Nc6 21. O-O Nd4 22. Kg2 f5 23. Bd5 Ke7 24. Ne3 Nf6 25. Bc4 g6 26. c3 bxc3 27. Bxc3 Rd8 28. Rfd1 Rcd7 29. b4 Ba7 30. f4 exf4 31. gxf4 Nb3 32. Rxd7+ Rxd7 33. Nxf5+ gxf5 34. Bxb3 Rd3 35. Rc1 Ne4 36. Be5 Rxb3 37. Rc7+ Ke6 38. Rxa7 Rxb4 39. Rxa6+ Kd5 40. Rh6 Ra4 41. a6 Ra2+ 42. Kf1 Nc5 43. Rxh7 Ke4 44. a7 Nd3 45. Rh3 1-0


[Site "https://www.chess.com"]

[Event "Titled Tuesday Blitz April 25 Late 2023"]
[White "Silva, Miguel Antonio Neto"]
[Black "Janaszak, Dawid"]
[WhiteFideId "1911929"]
[BlackFideId "1119206"]
[WhiteElo "2223"]
[BlackElo "2220"]
[Result "1-0"]
[Round "10"]
[TimeControl "180+2"]
[Date "2023.04.25"]
[WhiteClock "0:00:07"]
[BlackClock "0:00:03"]

1. Nf3 e6 2. d4 f5 3. g3 Nf6 4. Bg2 Be7 5. O-O O-O 6. c4 d6 7. Nc3 Qe8 8. Qb3 Kh8 9. Ng5 Nc6 10. d5 exd5 11. cxd5 Ne5 12. Be3 Nfg4 13. Bf4 Qh5 14. h4 Ng6 15. Qc4 Nxf4 16. Qxf4 Bf6 17. Rac1 Bd7 18. a4 Rae8 19. Nb5 Rxe2 20. Nxc7 Be5 21. Qf3 Rxb2 22. Nce6 Re8 23. Rc7 Bxe6 24. dxe6 Bd4 25. Nh3 Nf6 26. Qxh5 Nxh5 27. Rxb7 Rxb7 28. Bxb7 Nxg3 29. Rd1 Bc5 30. Bd5 Nh5 31. Kg2 Nf6 32. Nf4 g6 33. Bc6 Rc8 34. Bd7 Nxd7 35. exd7 Rd8 36. Ne6 Rxd7 37. Nxc5 Rc7 38. Ne6 Rc4 39. Rxd6 Kg8 40. Ra6 Rxh4 41. Rxa7 Re4 42. Nc5 Rc4 43. Nd3 g5 44. Ne5 Re4 45. Nd7 Re6 46. a5 f4 47. Kf3 h5 48. Nc5 Rh6 49. a6 h4 50. Rb7 h3 51. a7 h2 52. a8=Q# 1-0


[Site "https://www.chess.com"]

[Event "Titled Tuesday Blitz April 25 Late 2023"]
[White "Vlassov, Nikolai"]
[Black "Liu, Casper"]
[WhiteFideId "4103360"]
[BlackFideId "1454153"]
[WhiteElo "2324"]
[BlackElo "2221"]
[Result "0-1"]
[Round "10"]
[TimeControl "180+2"]
[Date "2023.04.25"]
[WhiteClock "0:00:12"]
[BlackClock "0:00:23"]

1. e4 e5 2. Bc4 Nf6 3. d3 c6 4. Nf3 d5 5. Bb3 dxe4 6. Ng5 Be6 7. Bxe6 fxe6 8. dxe4 Qxd1+ 9. Kxd1 Ke7 10. f3 h6 11. Nh3 Kf7 12. Ke2 Bc5 13. Nd2 Nbd7 14. Nc4 b5 15. Na5 Rac8 16. Rd1 Bb4 17. Bd2 Bxa5 18. Bxa5 c5 19. Rd6 Ke7 20. Rad1 Rb8 21. Rc6 Rb7 22. Bc7 Ne8 23. Nf2 Rxc7 24. Ra6 Nb8 25. Ra3 Nd6 26. Nd3 Nc4 27. Rc3 Nd7 28. a4 a6 29. Ra1 Rhc8 30. axb5 axb5 31. Ra6 Nd6 32. Rca3 Rb7 33. b3 c4 34. Nb4 Rbc7 35. R3a5 cxb3 36. cxb3 Rc3 37. Ra3 Rc1 38. Kd2 Rg1 39. Nc6+ Kf7 40. g3 Rg2+ 41. Ke3 Ne8 42. b4 Kf6 43. Rd3 Nb8 44. Nxb8 Rxb8 45. Rd7 Rb2 46. Raa7 Rxb4 47. h4 h5 48. g4 hxg4 49. fxg4 Rb3+ 50. Kf2 Rc8 51. h5 Kg5 0-1


[Site "https://www.chess.com"]

[Event "Titled Tuesday Blitz April 25 Late 2023"]
[White "Fiorito, Francisco"]
[Black "Tymrakiewicz, Rafal"]
[WhiteFideId "180165"]
[BlackFideId "1108832"]
[WhiteElo "2341"]
[BlackElo "2151"]
[Result "0-1"]
[Round "10"]
[TimeControl "180+2"]
[Date "2023.04.25"]
[WhiteClock "0:01:49"]
[BlackClock "0:01:37"]

1. d4 d5 2. Nc3 e6 3. Bf4 Bd6 4. Bxd6 cxd6 5. e4 dxe4 6. Nxe4 Nf6 7. Nxf6+ Qxf6 8. Nf3 Bd7 9. c3 Bc6 10. Be2 Nd7 11. O-O O-O 12. Re1 Rfe8 13. a4 b6 14. a5 b5 15. a6 Rab8 16. Ra5 Qd8 17. Qa1 Nf6 18. Qa3 Nd5 19. Nd2 b4 20. cxb4 Nxb4 21. Rc1 Bd5 22. Bb5 Qg5 23. f3 Qxd2 24. Rf1 Rec8 25. h4 Rc2 0-1


[Site "https://www.chess.com"]

[Event "Titled Tuesday Blitz April 25 Late 2023"]
[White "Bueno, Alfeu Junior Varela"]
[Black "Roebers, Eline"]
[WhiteFideId "2108879"]
[BlackFideId "1058401"]
[WhiteElo "2175"]
[BlackElo "2356"]
[Result "0-1"]
[Round "10"]
[TimeControl "180+2"]
[Date "2023.04.25"]
[WhiteClock "0:00:03"]
[BlackClock "0:01:03"]

1. e4 c5 2. Nc3 e6 3. f4 d5 4. Nf3 Nc6 5. Bb5 Ne7 6. exd5 exd5 7. Qe2 g6 8. Qe5 Rg8 9. Bxc6+ bxc6 10. O-O Bg7 11. Qe2 Kf8 12. Rb1 Nf5 13. Na4 c4 14. b3 Rh8 15. Ne5 Nd4 16. Ba3+ Kg8 17. Qf2 Nxc2 18. Nxc6 Qc7 19. Ne7+ Qxe7 20. Bxe7 Bd4 21. Qxd4 Nxd4 22. Bf6 Ne2+ 23. Kh1 Bg4 24. Rfe1 h5 25. Bxh8 Kxh8 26. h3 Bf5 27. Rb2 Nxf4 28. bxc4 Nd3 29. Re3 Nxb2 30. Nxb2 dxc4 31. Nxc4 Be6 32. Nd6 Rd8 33. Nb5 Rxd2 34. Nxa7 Rxa2 35. Nb5 Bd5 36. Rg3 Rd2 37. Nc3 Bc6 38. Kh2 Kg7 39. h4 f5 0-1


[Site "https://www.chess.com"]

[Event "Titled Tuesday Blitz April 25 Late 2023"]
[White "Degtiarev, Evgeny"]
[Black "Ezat, Mohamed"]
[WhiteFideId "4149610"]
[BlackFideId "10600906"]
[WhiteElo "2284"]
[BlackElo "2386"]
[Result "0-1"]
[Round "10"]
[TimeControl "180+2"]
[Date "2023.04.25"]
[WhiteClock "0:00:16"]
[BlackClock "0:01:46"]

1. d4 Nf6 2. c4 e6 3. g3 d5 4. Nf3 dxc4 5. Bg2 Bd7 6. Ne5 Bc6 7. Nxc6 Nxc6 8. O-O Be7 9. Qa4 O-O 10. e3 e5 11. Rd1 exd4 12. Bxc6 bxc6 13. Rxd4 Qc8 14. Qxc6 Rd8 15. Nc3 Rxd4 16. exd4 Rb8 17. Qxc4 Qh3 18. Qf1 Qh5 19. b3 c5 20. Bf4 Rc8 21. dxc5 Bxc5 22. Na4 Bd4 23. Rc1 Rd8 24. Nc3 Ng4 25. Ne4 Qxh2# 0-1


[Site "https://www.chess.com"]

[Event "Titled Tuesday Blitz April 25 Late 2023"]
[White "Preotu, Razvan"]
[Black "Baltic, Fatih"]
[WhiteFideId "2613280"]
[BlackFideId "12979090"]
[WhiteElo "2407"]
[BlackElo "2200"]
[Result "1-0"]
[Round "10"]
[TimeControl "180+2"]
[Date "2023.04.25"]
[WhiteClock "0:00:04"]
[BlackClock "0:00:09"]

1. e4 c5 2. Nf3 Nc6 3. Bb5 g6 4. O-O Bg7 5. Re1 Qb6 6. Bf1 e6 7. Na3 Nge7 8. c3 d5 9. e5 a6 10. d4 Nf5 11. Nc2 h6 12. dxc5 Qxc5 13. Bd3 Qb6 14. Bxf5 gxf5 15. Ncd4 Qc7 16. Bf4 Bd7 17. Nxf5 exf5 18. e6 Qxf4 19. exd7+ Kxd7 20. Qxd5+ Kc7 21. Qxf7+ Kb6 22. Re6 Rhg8 23. Rg6 Qc7 24. Qxf5 Raf8 25. Qd5 Qf7 26. Qxf7 Rxf7 27. Rd1 Re8 28. Kf1 Re4 29. Nd2 Ref4 30. f3 R4f6 31. Rxf6 Bxf6 32. Ne4 Be5 33. Ke2 Kc7 34. g3 Bg7 35. f4 Ne7 36. Nd6 Rf8 37. Nc4 Nf5 38. Kf3 h5 39. Ne3 Nd6 40. Nd5+ Kc6 41. b3 a5 42. c4 b6 43. Re1 Kd7 44. Re7+ Kc6 45. Rc7# 1-0


[Site "https://www.chess.com"]

[Event "Titled Tuesday Blitz April 25 Late 2023"]
[White "Jovic, Stanoje"]
[Black "Di Berardino, Diego Rafael"]
[WhiteFideId "905020"]
[BlackFideId "2105446"]
[WhiteElo "2236"]
[BlackElo "2432"]
[Result "1/2-1/2"]
[Round "10"]
[TimeControl "180+2"]
[Date "2023.04.25"]
[WhiteClock "0:00:15"]
[BlackClock "0:00:04"]

1. c4 g6 2. g3 Bg7 3. Bg2 c5 4. Nc3 Nc6 5. Nf3 e5 6. O-O Nge7 7. Ne1 d6 8. Nc2 O-O 9. Ne3 f5 10. Ned5 f4 11. d3 g5 12. a3 Rb8 13. Rb1 Bg4 14. b4 b6 15. b5 Nd4 16. Nxe7+ Qxe7 17. h3 Bh5 18. g4 f3 19. Bxf3 Nxf3+ 20. exf3 Bg6 21. Nd5 Qd8 22. a4 Rb7 23. Re1 Rbf7 24. Re3 h5 25. a5 hxg4 26. hxg4 Qd7 27. Kf1 bxa5 28. Bd2 a4 29. b6 axb6 30. Rxb6 Ra8 31. Bc3 a3 32. Rb3 Qa4 33. Ke2 Ra6 34. Rb8+ Bf8 35. Qxa4 Rxa4 36. Ba1 a2 37. Nc3 Ra3 38. Ne4 Kg7 39. Nxg5 Re7 40. Ne4 Rea7 41. Ng3 Be7 42. Ne4 R3a4 43. Rb6 R4a6 44. Rb2 Ra3 45. Rc2 R3a6 46. Nc3 Be8 47. f4 exf4 48. Nd5+ Kf8 49. Nxf4 Bg5 50. Ne6+ Kg8 51. Nxg5 Bg6 52. Ne4 Rf7 53. f4 d5 54. Nf6+ Kf8 55. f5 Bxf5 56. gxf5 d4 57. Re8+ Kg7 58. Nh5+ Kh6 59. Ng3 Kg5 60. Re4 Kf6 61. Kf3 Rb6 62. Rh2 Rb1 63. Rh6+ Kg7 64. Rg6+ Kf8 65. Bxd4 cxd4 66. Ra6 a1=Q 67. Rxa1 Rxa1 68. Rxd4 Ra3 69. Rf4 Rd7 70. Kg4 Rdxd3 71. Ne4 Rd4 72. Kg5 Ra4 73. Nc5 Rxf4 74. Ne6+ Kf7 75. Nxf4 Rxc4 76. Ng6 Rc5 77. Nf4 Ke7 78. Ng6+ Ke8 79. Kf6 Ra5 80. Ne5 Ra6+ 81. Kg5 Ke7 82. Ng6+ Kf7 83. Nf4 Kf8 84. Ng6+ Kg7 85. Ne5 Ra5 86. Ng4 Rxf5+ 87. Kxf5 1/2-1/2


[Site "https://www.chess.com"]

[Event "Titled Tuesday Blitz April 25 Late 2023"]
[White "Remolar Gallen, Jose"]
[Black "Bashkansky, Ethan"]
[WhiteFideId "2215187"]
[BlackFideId "2071533"]
[WhiteElo "2223"]
[BlackElo "2101"]
[Result "1-0"]
[Round "10"]
[TimeControl "180+2"]
[Date "2023.04.25"]
[WhiteClock "0:00:21"]
[BlackClock "0:00:01"]

1. e4 c6 2. d4 d5 3. e5 c5 4. dxc5 Nc6 5. f4 Nh6 6. Nf3 Bg4 7. a3 a5 8. h3 Bxf3 9. Qxf3 e6 10. Bd3 Bxc5 11. Be3 Qb6 12. Bxc5 Qxc5 13. g4 O-O 14. Nc3 Kh8 15. Qf2 b6 16. O-O f6 17. exf6 gxf6 18. Rae1 Rfe8 19. Na4 Qxf2+ 20. Rxf2 Rab8 21. Bb5 Rec8 22. c3 Na7 23. Ba6 Re8 24. Rfe2 b5 25. Nc5 b4 26. axb4 axb4 27. Nd7 Rbd8 28. Nxf6 Rf8 29. Rxe6 bxc3 30. bxc3 Nf7 31. g5 Kg7 32. h4 Nc8 33. Bd3 Ncd6 34. Nxh7 Rh8 35. Rg6+ Kxh7 36. Rxd6+ Kg7 37. Rg6+ Kf8 38. Rf6 Rxh4 39. g6 1-0


[Site "https://www.chess.com"]

[Event "Titled Tuesday Blitz April 25 Late 2023"]
[White "Bryant, Todd"]
[Black "Korkmaz, Necmettin"]
[WhiteFideId "2031299"]
[BlackFideId "6303285"]
[WhiteElo "2075"]
[BlackElo "2097"]
[Result "0-1"]
[Round "10"]
[TimeControl "180+2"]
[Date "2023.04.25"]
[WhiteClock "0:00:05"]
[BlackClock "0:00:28"]

1. e4 e6 2. d4 d5 3. e5 c5 4. c3 Nc6 5. Nf3 Qb6 6. Bd3 cxd4 7. O-O Bd7 8. Re1 Nge7 9. h4 h5 10. Nbd2 g6 11. Nb3 dxc3 12. bxc3 Nf5 13. Rb1 Qd8 14. c4 Nxh4 15. Nxh4 Qxh4 16. cxd5 exd5 17. e6 Bxe6 18. Bxg6 O-O-O 19. Qf3 Bd6 20. Bf5 Qh2+ 21. Kf1 Rde8 22. g3 Ne5 23. Qc3+ Kb8 24. Rxe5 Bxf5 25. Bf4 Bxb1 26. Rxe8+ Rxe8 27. Bxd6+ Ka8 28. Qf3 Bd3+ 29. Qxd3 Qh1# 0-1


[Site "https://www.chess.com"]